 Dungeon Crawl Stone Soup version 0.20.1-1-g8b1a95d (webtiles) character file.

26 Lorindel the Insei (level 2, 0/34 HPs)
             Began as a Demigod Transmuter on July 17, 2017.
             Succumbed to an adder's poison
             ... on level 2 of the Dungeon.
             The game lasted 00:14:52 (979 turns).

Lorindel the Insei (Demigod Transmuter)              Turns: 979, Time: 00:14:53

Health: 0/34       AC: 21    Str: 13    XL:     2   Next: 69%
Magic:  7/7        EV:  2    Int: 17    God:
Gold:   57         SH:  0    Dex: 16    Spells: 4/5 levels left

rFire    . . .     SeeInvis .     - Unarmed
rCold    . . .     Gourm    .   (no shield)
rNeg     + + +     Faith    .   (armour currently unavailable)
rPois    +         Spirit   .   (helmet currently unavailable)
rElec    .         Reflect  .   (cloak currently unavailable)
rCorr    .         Harm     .   (gloves currently unavailable)
MR       .....     NoTele   +   (boots currently unavailable)
Stlth    +.........             (no amulet)
Regen    0.2/turn               (no ring)
MPRegen  0.1/turn               (no ring)

@: lethally poisoned (0 -> -11), tree-form, very slightly contaminated, hasted,
invisible, very quick
A: high mp 1, wild magic 1, evolution 1
a: no special abilities


You were on level 2 of the Dungeon.
You were not hungry.
You were a tree.
You visited 1 branch of the dungeon, and saw 2 of its levels.

You collected 57 gold pieces.

Inventory:

Missiles
 a - 12 arrows
Armour
 b - a +0 robe
 e - a +0 helmet (melded)
 q - a +1 leather armour of cold resistance (melded)
Potions
 f - a potion of flight
 m - a potion of agility {unknown}
Books
 c - a book of Changes

   Spells                             Type                      Level
   a - Beastly Appendage              Transmutation                1
   b - Sticks to Snakes               Transmutation                2
   c - Spider Form                    Transmutation/Poison         3
   d - Ice Form                       Ice/Transmutation            4
   e - Blade Hands                    Transmutation                5
Comestibles
 d - 2 bread rations
 h - 4 fruits
 i - 5 chunks of flesh
 k - a meat ration
 n - a royal jelly


   Skills:
 + Level 1.0 Fighting
 + Level 0.5 Armour
 + Level 2.1 Dodging
 + Level 2.8 Unarmed Combat
 + Level 2.2 Spellcasting
 + Level 2.1 Transmutations


You had 4 spell levels left.
You knew the following spells:

 Your Spells              Type           Power        Failure   Level  Hunger
a - Beastly Appendage     Tmut           ##....       12%         1    #......


Dungeon Overview and Level Annotations

Branches:
Dungeon (2/15)


Innate Abilities, Weirdness & Mutations

You have an increased reservoir of magic. (+10% MP)
((You are partially covered in icy blue scales. (AC +2)))
Your spells are a little harder to cast, but a little more powerful.
You evolve.


Message History

You fade into invisibility!
* * * LOW HITPOINT WARNING * * *
You feel sick. The adder bites you.
* * * LOW HITPOINT WARNING * * *
You are more poisoned.
The adder poisons you!
You are very lightly contaminated with residual magic.
* * * LOW HITPOINT WARNING * * *
You feel sick.
It was a potion of lignification.
Your talons disappear.
You turn into a tree.
Your +0 helmet melds into your body.
Your +1 leather armour of cold resistance melds into your body.
You feel less resistant to cold.
Your roots penetrate the ground.
The adder barely misses you.
It was a potion of mutation.
You feel extremely strange.
You feel nature experimenting on you.
Don't worry, failures die fast.
You feel less in control of your magic.
Icy blue scales grow over part of your body.
You die...

.###########**** #..,,,,,*
.......#...,,,,####*#.##***,#
.#####.#.#####.#.(,,...,,,,.# .#
#.........#.#**#.####..***** .##
###.#######.####.#...,,,,,,* ..#
#........<.....#.######*,* ..##
#..#########.#....)...#*,*
...#####..#......##.#.#...##.#*,*
................♣SSg.........>,,*
##.######.#.##.#.##.#.#....###***
#.## #.#.#.,#.##.#.#....#
#..#####.#,#,,#.##.#.#....#**
#........#,*,,#.##.#.#....#,*
#........#,*,,#.##.#.#.##.#,*
#).......#,,.....#.#.#,,*<.,*
#........####.#..#.#.#*,*,*,*
##............#..#,*,**,*,*,*


You could see 2 adders and a hobgoblin.

Vanquished Creatures
  A worm (D:2)
  A dart slug (D:1)
  2 bats
  A giant cockroach (D:1)
  A goblin (D:1)
  5 hobgoblins
  A quokka (D:2)
  2 frilled lizards (D:1)
  3 kobolds
  4 rats
21 creatures vanquished.

Notes
Turn   | Place    | Note
-------+----------+-------------------------------------------
     0 | D:1      | Lorindel the Demigod Transmuter began the quest for the Orb.
     0 | D:1      | Reached XP level 1. HP: 15/15 MP: 5/5
   264 | D:1      | Reached skill level 1 in Fighting
   374 | D:1      | Reached XP level 2. HP: 19/23 MP: 7/7
   977 | D:2      | HP: 1/23 [poisoned by an adder]
   979 | D:2      | Gained mutation: You evolve. [potion of mutation]
   979 | D:2      | Gained mutation: Your spells are a little harder to cast, but a little more powerful. [potion of mutation]
   979 | D:2      | Gained mutation: You are partially covered in icy blue scales. (AC +2) [potion of mutation]
   979 | D:2      | Succumbed to an adder's poison

Skill      XL: |  1  2 |
---------------+-------+-----
Dodging        | 2 |  2.1
Fighting       | 1 |  1.0
Transmutations | 2 |  2.1
Spellcasting   | 2 |  2.2
Armour         | |  0.5
Unarmed Combat | |  2.8

Action                   || total
-------------------------++-------
Melee: Unarmed           ||    79
       Headbutt          ||     4
       Punch             ||     1
       Kick              ||    15
 Cast: Beastly Appendage ||    14
  Use: Potion            ||     5
       Scroll            ||     4
Armor: Robe              ||     5
       Leather armour    ||    18
Dodge: Dodged            ||    52
